AoeStats
← Striker1904

Arena

509428515Analyzed
2v2 RM · 5d ago on Sep 26, 2026· 48m 48s· 4 players
Game mode
Random Map
Map size
Medium (4 player)
Population
200
Speed
Normal
Resources
Standard
Victory
Conquest
Starting age
Dark Age
Ending age
Imperial Age
RankedLock teamsTeams togetherTeam positionsShared explorationLock speedFull tech treeHidden civsTurbo modeCheats
Victory
Defeat
🇩🇪 Ethiopians · Germany
1062
+14
🇩🇪 Lithuanians · Germany
1051
+15
🇺🇸 Britons · United States
1047
-15
🇨🇦 Khmer · Canada
1008
-14
clive bixby
11:35 Feudal Age
16:00 Castle Age
14:09 Double-Bit Axe
14:28 Horse Collar
17:07 Bow Saw
17:20 Heavy Plow
23:42 Fletching
24:39 Bodkin Arrow
25:24 Wheelbarrow
24:35 Loom
25:01 Gold Mining
30:24 Scale Barding Armor
32:14 Chain Barding Armor
32:39 Gold Shaft Mining
32:27 Forging
32:02 Light Cavalry
33:36 Hand Cart
33:06 Town Watch
34:40 Scale Mail Armor
35:38 Iron Casting
34:59 Pikeman
35:25 Arson
36:22 Chain Mail Armor
41:38 Imperial Age
39:09 Town Patrol
43:23 Blast Furnace
42:59 Plate Barding Armor
42:29 Double Crossbow
42:49 Conscription
42:11 Halberdier
43:20 Elite Ballista Elephant
44:36 Ballistics
45:17 Chemistry
45:44 Murder Holes
47:24 Bracer
StackkedYou
9:48 Feudal Age
11:08 Double-Bit Axe
11:03 Horse Collar
18:22 Castle Age
16:55 Fletching
17:05 Padded Archer Armor
17:34 Padded Archer Armor
19:14 Bow Saw
19:04 Heavy Plow
20:26 Stone Mining
20:27 Gold Mining
22:17 Bodkin Arrow
22:37 Leather Archer Armor
25:32 Gold Shaft Mining
27:53 Murder Holes
28:19 Ballistics
28:10 Masonry
27:42 Treadmill Crane
28:15 Guard Tower
29:54 Loom
30:44 Wheelbarrow
29:54 Town Watch
33:32 Imperial Age
31:05 Town Patrol
31:51 Yeomen
33:29 Scale Barding Armor
33:34 Forging
34:39 Chain Barding Armor
34:21 Husbandry
33:41 Light Cavalry
34:24 Bracer
34:54 Ring Archer Armor
35:28 Chemistry
34:59 Architecture
35:34 Devotion
36:11 Iron Casting
36:52 Two-Man Saw
36:23 Siege Engineers
36:23 Herbal Medicine
37:37 Plate Barding Armor
40:19 Blast Furnace
39:57 Fortified Wall
40:30 Keep
39:37 Elite Longbowman
40:38 Conscription
41:09 Warwolf
42:53 Hoardings
Striker1904
7:53 Loom
11:44 Feudal Age
14:03 Fletching
18:30 Castle Age
16:46 Horse Collar
17:02 Double-Bit Axe
18:50 Crossbowman
20:11 Bodkin Arrow
23:56 Bow Saw
24:32 Ballistics
28:57 Wheelbarrow
28:49 Elite Skirmisher
31:15 Scale Barding Armor
31:31 Husbandry
33:56 Chain Barding Armor
33:47 Forging
35:23 Thumb Ring
35:27 Town Watch
36:46 Iron Casting
36:12 Padded Archer Armor
40:27 Imperial Age
39:15 Hand Cart
39:01 Town Patrol
40:39 Heavy Cavalry Archer
48:28 Conscription
49:25 Chemistry
Timoptimo
7:35 Loom
10:18 Feudal Age
11:32 Loom
14:39 Castle Age
12:47 Double-Bit Axe
13:30 Horse Collar
15:52 Bow Saw
18:54 Fervor
21:01 Wheelbarrow
20:39 Scale Barding Armor
21:34 Heavy Plow
22:55 Bloodlines
23:53 Chain Barding Armor
24:22 Husbandry
25:10 Forging
25:23 Town Watch
26:39 Gold Mining
28:18 Iron Casting
30:28 Imperial Age
29:41 Hand Cart
29:27 Town Patrol
30:58 Fletching
30:41 Cavalier
32:01 Plate Barding Armor
31:25 Stone Mining
33:36 Conscription
33:52 Hoardings
33:59 Crop Rotation
34:06 Capped Ram
36:32 Bodkin Arrow
37:45 Two-Man Saw
39:33 Paladin
40:59 Stone Shaft Mining
41:33 Squires
41:39 Scale Mail Armor
42:30 Ballistics
42:06 Murder Holes
46:04 Chemistry
46:12 Bracer
46:28 Chain Mail Armor
46:13 Padded Archer Armor
48:25 Masonry
Connection lost

Rejoining the realm…

Still unreachable

The connection could not be restored.

Session expired

The server has moved on; the page needs a fresh start.